 Dungeon Crawl Stone Soup version 0.31-a0-246-g8cbcc1cb85 (webtiles) character file.

Game seed: 8888114048178600004

211 qw the Shooter (level 5, -3/45 HPs)
             Began as a Minotaur Hexslinger on July 12, 2023.
             Slain by Edmund
             ... wielding a +0 flail of holy wrath
              (8 damage)
             ... on level 4 of the Dungeon.
             The game lasted 00:01:12 (2456 turns).

qw the Shooter (Minotaur Hexslinger)                Turns: 2456, Time: 00:01:13

Health: -3/45      AC: 11    Str: 23    XL:     5   Next: 57%
Magic:  5/5        EV: 11    Int: 10    God:
Gold:   124        SH:  0    Dex: 15    Spells: 5/6 levels left

rFire   . . .        Y - +1 sling
rCold   . . .        (no shield)
rNeg    + . .        b - +5 ring mail of the Earth {Drain Fly rPois Str+5}
rPois   +            (helmet restricted)
rElec   .            l - +0 cloak
rCorr   .            (no gloves)
SInv    .            (no boots)
Will    .....        a - amulet of regeneration
Stlth   +            g - ring of positive energy
HPRegen 1.07/turn    j - +6 ring of strength
MPRegen 0.09/turn

%: no passive effects
@: flying
A: horns 2, retaliatory headbutt
a: no special abilities


You were on level 4 of the Dungeon.
You visited 1 branch of the dungeon, and saw 4 of its levels.

You collected 124 gold pieces.


Innate Abilities, Weirdness & Mutations

You have a pair of horns on your head.
You reflexively headbutt those who attack you in melee.


   Skills:
 - Level 3.0 Fighting
 + Level 5.4 Ranged Weapons
 - Level 2.2 Armour
 - Level 2.1 Dodging
 - Level 1.0 Spellcasting
 - Level 2.0 Hexes


You had 5 spell levels left.
You knew the following spells:

 Your Spells              Type           Power      Damage    Failure   Level
a - Slow                  Hex            16%        N/A       24%         1

Your spell library contained the following spells:

 Spells                   Type           Power      Damage    Failure   Level
 Inner Flame              Hex/Fire       2%         N/A       71%         3
 Portal Projectile        Hex/Tloc       4%         N/A       71%         3
 Cause Fear               Hex            2%         N/A       93%         4

Inventory:

Hand Weapons
 Y - a +1 sling (weapon)
Armour
 b - the +5 ring mail of the Earth (worn) {Drain Fly rPois Str+5}
   (You found it on level 2 of the Dungeon)

   Str:       It affects your strength (+5).
   rPois:     It protects you from poison.
   Fly:       It grants you flight.
   Drain:     It drains your maximum health when unequipped.
 l - a +0 cloak (worn)
Jewellery
 a - an amulet of regeneration (around neck)
 c - a +5 ring of evasion
 g - a ring of positive energy (left hand)
 j - a +6 ring of strength (right hand)
Potions
 e - a potion of enlightenment {unknown}
 f - a potion of lignification {unknown}
 h - a potion of might
 i - a potion of cancellation {unknown}
 k - a potion of curing {unknown}

Dungeon Overview and Level Annotations

Branches:
Dungeon (4/15)
 Temple: D:4-7

Altars:

Annotations:
D:4 Edmund


Message History

You shoot a sling bullet.
The sling bullet hits Edmund but does no damage.
Edmund is severely wounded.
Edmund barely misses you. You furiously retaliate!
You headbutt Edmund!
Edmund zaps a wand.
The puff of flame hits you but does no damage.
You shoot a sling bullet.
The sling bullet hits Edmund but does no damage.
Edmund is almost dead.
Edmund hits you with a +0 flail of holy wrath.
You shoot a sling bullet. The sling bullet closely misses Edmund.
Edmund closely misses you.
Edmund hits you with a +0 flail of holy wrath!
You shoot a sling bullet. The sling bullet hits Edmund.
Edmund is almost dead.
Edmund closely misses you.
Edmund hits you with a +0 flail of holy wrath.
You shoot a sling bullet. The sling bullet barely misses Edmund.
Edmund hits you but does no damage. Edmund barely misses you.
You shoot a sling bullet. The sling bullet closely misses Edmund.
Edmund hits you with a +0 flail of holy wrath.
Edmund zaps a wand.
The puff of flame misses you.
You shoot a sling bullet. The sling bullet closely misses Edmund.
Edmund hits you but does no damage.
You shoot a sling bullet.
The sling bullet hits Edmund but does no damage.
Edmund is almost dead.
Edmund zaps a wand.
The puff of flame misses you.
Edmund says, "I might not be good at magic, but I can still kill you!"
Edmund misses you.
You shoot a sling bullet.
The sling bullet hits Edmund but does no damage.
Edmund is almost dead.
Edmund hits you but does no damage.
Edmund hits you with a +0 flail of holy wrath.
You shoot a sling bullet.
The sling bullet hits Edmund but does no damage.
Edmund is almost dead.
Edmund hits you with a +0 flail of holy wrath!
You die...

#... #... ..# #.#
### ... ... ..# #.#
#.# #.# #####.# #.#
#.#
...##.#####.####.##
................@.#
...##.#####.....@.#
####..........###.#
#..#######.# .#
#..# #.# .# #..#
#.# .# #..# #.# .#
#..# ..# .# #..#
#.#


You could see Edmund (fast).

Vanquished Creatures
  Terence (D:2)
  Robin (D:3)
  5 gnolls (D:2)
  3 adders
  3 dart slugs (D:1)
  2 worms
  3 ball pythons (D:1)
  8 bats
  11 endoplasms
  2 giant cockroaches
  14 hobgoblins
  4 jackals (D:3)
  4 quokkas
  3 frilled lizards
  9 goblins
  7 kobolds
  3 rats
83 creatures vanquished.

Notes
Turn   | Place    | Note
-------+----------+-------------------------------------------
     0 | D:1      | qw the Minotaur Hexslinger began the quest for the Orb.
     0 | D:1      | Reached XP level 1. HP: 16/16 MP: 1/1
     0 | D:1      | 0 ||| qw: Version: 0.3-a-52-g30416fa
     0 | D:1      | 0 ||| qw: Game counter: 6247
     0 | D:1      | 0 ||| qw: Melee chars always use a shield: true
     0 | D:1      | 0 ||| qw: God list: Okawaru
     0 | D:1      | 0 ||| qw: Allow faded altars: false
     0 | D:1      | 0 ||| qw: Do Orc after clearing Dungeon:15 true
     0 | D:1      | 0 ||| qw: Do second Lair branch before Depths: true
     0 | D:1      | 0 ||| qw: Lair rune preference: random
     0 | D:1      | 0 ||| qw: Goals: Normal
     0 | D:1      | 0 ||| PLANNING D:1-11
    87 | D:1      | 87 ||| FLEEEEING.
    88 | D:1      | 88 ||| FLEEEEING.
    89 | D:1      | 89 ||| FLEEEEING.
    90 | D:1      | 90 ||| FLEEEEING.
    91 | D:1      | 91 ||| FLEEEEING.
    92 | D:1      | 92 ||| FLEEEEING.
    93 | D:1      | 93 ||| FLEEEEING.
    94 | D:1      | 94 ||| FLEEEEING.
    95 | D:1      | 95 ||| FLEEEEING.
    96 | D:1      | 96 ||| FLEEEEING.
    97 | D:1      | 97 ||| FLEEEEING.
    98 | D:1      | 98 ||| FLEEEEING.
    99 | D:1      | 99 ||| FLEEEEING.
   100 | D:1      | 100 ||| FLEEEEING.
   101 | D:1      | 101 ||| FLEEEEING.
   102 | D:1      | 102 ||| FLEEEEING.
   105 | D:1      | Reached skill level 3 in Ranged Weapons
   112 | D:1      | Reached XP level 2. HP: 22/23 MP: 2/2
   581 | D:1      | Reached XP level 3. HP: 29/29 MP: 3/3
   591 | D:1      | 591 ||| UPGRADING to +0 leather armour.
   601 | D:1      | 601 ||| DROPPING +0 robe.
   602 | D:1      | 602 ||| UPGRADING to +0 ring mail.
   612 | D:1      | 612 ||| DROPPING +0 leather armour.
   613 | D:1      | 613 ||| READING scroll labelled DOCAOHIY JIELL.
   618 | D:1      | 618 ||| DRINKING 2 silvery potions.
   619 | D:1      | 619 ||| DROPPING scroll of poison.
   803 | D:2      | Identified the +5 ring mail of the Earth {Drain Fly rPois
                  | Str+5}
   817 | D:2      | Found a faded altar of an unknown god.
   893 | D:2      | Reached skill level 4 in Ranged Weapons
   994 | D:2      | Noticed Terence
  1002 | D:2      | HP: 3/29 [Terence/+0 flail (7)]
  1006 | D:2      | Killed Terence
  1007 | D:2      | Reached XP level 4. HP: 3/36 MP: 4/4
  1331 | D:2      | Reached skill level 5 in Ranged Weapons
  1331 | D:2      | Reached XP level 5. HP: 40/41 MP: 5/5
  1491 | D:2      | 1491 ||| UPGRADING to +5 ring mail of the Earth {Drain Fly
                  | rPois Str+5}.
  1501 | D:2      | 1501 ||| DROPPING +0 ring mail.
  1502 | D:2      | 1502 ||| UPGRADING to amulet of regeneration.
  1507 | D:2      | 1507 ||| UPGRADING to ring of positive energy.
  1508 | D:2      | 1508 ||| READING scroll labelled GAEBLEVYTA.
  1509 | D:2      | 1509 ||| READING scroll labelled YHUREO XERHAG.
  1510 | D:2      | 1510 ||| READING scroll labelled TOEFRE IHAI.
  2182 | D:3      | Reached skill level 3 in Fighting
  2184 | D:3      | Noticed Robin
  2219 | D:3      | Killed Robin
  2306 | D:3      | 2306 ||| UPGRADING to +0 cloak.
  2311 | D:3      | 2311 ||| UPGRADING to +6 ring of strength.
  2312 | D:3      | 2312 ||| READING scroll labelled MOHAYXKUMP.
  2313 | D:3      | 2313 ||| READING scroll labelled ZUER TAUCU DOQ.
  2436 | D:4      | Noticed Edmund
  2448 | D:4      | HP: 11/45 [Edmund/+0 flail of holy wrath (4)]
  2449 | D:4      | HP: 4/45 [Edmund/+0 flail of holy wrath (9)]
  2455 | D:4      | HP: 4/45 [Edmund/+0 flail of holy wrath (6)]
  2456 | D:4      | Slain by Edmund

Levels and vault maps discovered:
D:1:      mrwooster_arrival_statue_3, layout_loops_cross
D:2:      layout_loops_cross, shapermc_ecumenical_altar_pompeii,
          minmay_quantized, uniq_terence
D:3:      layout_basic, uniq_robin
D:4:      layout_basic, minmay_temple_entry_purple_smoke, uniq_edmund,
          uniq_grinder, uniq_natasha

Skill      XL: |  1  2  3  4  5 |
---------------+----------------+-----
Ranged Weapons | 3 4 5 |  5.4
Fighting       | 2 3 |  3.0
Armour         | 2 |  2.2
Dodging        | |  2.1
Spellcasting   | |  1.0
Hexes          | |  2.0

Action                     |  1- 3 |  4- 6 || total
---------------------------+-------+-------++-------
   Fire: Sling             |   120 |   182 ||   302
    Use: Scroll            |     1 |     5 ||     6
         Potion            |     1 |       ||     1
 Armour: Robe              |     6 |       ||     6
         Ring mail         |    13 |    58 ||    71
  Dodge: Dodged            |    34 |   112 ||   146

Table legend:
 A = Non-vault XP
 B = Vault XP
 C = Vault XP percentage of total XP
 D = Non-vault monster count
 E = Vault monster count
 F = Vault count percentage of total count
                 A         B        C        D         E       F
            +---------+---------+-------+---------+---------+-------
      Total |     210 |      92 |  30.5 |      66 |      17 |  20.5
            +---------+---------+-------+---------+---------+-------
        D:1 |      42 |       0 |   0.0 |      22 |       0 |   0.0
        D:2 |     120 |      56 |  31.8 |      25 |       6 |  19.4
        D:3 |      46 |      36 |  43.9 |      18 |      11 |  37.9
        D:4 |       2 |       0 |   0.0 |       1 |       0 |   0.0
            +---------+---------+-------+---------+---------+-------
